 Dungeon Crawl Stone Soup version 0.29-a0-80-g3050e97935 (webtiles) character file.

Game seed: 330589392767030757

633728 hatiphnatus the Slayer (level 26, -13/267 HPs)
             Began as a Demonspawn Fighter on Feb 3, 2022.
             Was the Champion of Wu Jian.
             Killed from afar by a Brimstone Fiend (22 damage)
             ... with damnation
             ... in Pandemonium on Feb 4, 2022.
             The game lasted 02:28:43 (77423 turns).

hatiphnatus the Slayer (Demonspawn Fighter)        Turns: 77423, Time: 02:28:43

Health: -13/267    AC: 39    Str: 28    XL:     26   Next: 28%
Magic:  0/38       EV: 18    Int: 19    God:    Wu Jian [******]
Gold:   8248       SH: 36    Dex: 21    Spells: 35/47 levels left

rFire   + . .      SeeInvis +   a - +8 demon blade (vamp)
rCold   + + +      Faith    .   H - +8 tower shield {rC+}
rNeg    + . .      Spirit   +   Y - +1 crystal plate armour of the Apothecary {rPois Will+ rCorr}
rPois   +          Reflect  +   K - +2 helmet {SInv}
rElec   .          Harm     .   (cloak unavailable)
rCorr   +          Rampage  .   k - +2 pair of gloves {Str+3}
Will    +++++                   X - +2 pair of boots {Fly}
Stlth   +.........              E - amulet "Cinudd" {Reflect rC+ Will++ Regen+ Str-2 SH+5}
HPRegen 1.34/turn               f - ring "Fop Gimi" {rPois rF+ Str+2 Int+4 Stlth+}
MPRegen 0.52/turn               S - ring of the Oracle {rN+ Int+4 Dex+6}

@: flying, studying 2 skills, repel missiles, unable to read
A: repulsion field 3, ignite blood 3, robust 2, magic shield, magic
regeneration, magic link, weakness stinger 3, cold resistance 1, strong-willed
1, poison resistance, no potion heal 1, inability to read while threatened
}: 5/15 runes: decaying, serpentine, slimy, silver, demonic
a: Renounce Religion, Wall Jump, Serpent's Lash, Heavenly Storm


You were in Pandemonium.
You worshipped Wu Jian.
Wu Jian was exalted by your worship.
You visited 11 branches of the dungeon, and saw 52 of its levels.
You visited Pandemonium 1 time, and saw 2 of its levels.
You also visited: Bailey, Gauntlet and Ice Cave.

You collected 10057 gold pieces.
You spent 1809 gold pieces at shops.

Inventory:

Hand Weapons
 a - a +8 vampiric demon blade (weapon)
 b - the +8 arc blade {discharge, rElec}
   (You found it on level 3 of the Lair of Beasts)

   It occasionally unleashes powerful arcs of lightning upon striking a foe.
   These may arc to other adjacent creatures (including the wielder, but dealing
   reduced damage to them) before grounding out.
   rElec:     It insulates you from electricity.
 o - a +0 double sword of electrocution
Armour
 k - a +2 pair of gloves of strength (worn)
 p - the +0 helmet of Otzie {Slay+2}
   (You took it off Robin on level 3 of the Dungeon)

   Slay:      It affects your accuracy & damage with ranged weapons and melee
   (+2).
 H - a +8 tower shield of cold resistance (worn)
 K - a +2 helmet of see invisible (worn)
 X - a +2 pair of boots of flying (worn)
 Y - the +1 crystal plate armour of the Apothecary (worn) {rPois Will+ rCorr}
   (You acquired it on level 14 of the Dungeon)

   rPois:     It protects you from poison.
   rCorr:     It protects you from acid and corrosion.
   Will:      It increases your willpower.
Jewellery
 f - the ring "Fop Gimi" (left hand) {rPois rF+ Str+2 Int+4 Stlth+}
   (You took it off a deep elf sorcerer on level 5 of the Vaults)

   [ring of protection from fire]

   Str:       It affects your strength (+2).
   Int:       It affects your intelligence (+4).
   rF:        It protects you from fire.
   rPois:     It protects you from poison.
   Stlth:     It makes you more stealthy.
 n - a ring of resist corrosion
 A - the ring of Diriptom {rF+ Dex+4 SInv}
   (You found it on level 5 of the Dungeon)

   [ring of see invisible]

   Dex:       It affects your dexterity (+4).
   rF:        It protects you from fire.
   SInv:      It lets you see invisible.
 E - the amulet "Cinudd" (around neck) {Reflect rC+ Will++ Regen+ Str-2 SH+5}
   (You bought it in a shop on level 2 of the Orcish Mines)

   [amulet of reflection]

   It reflects blocked missile attacks.
   Str:       It affects your strength (-2).
   rC:        It protects you from cold.
   Regen:     It increases your rate of health regeneration.
   SH:        It affects your SH (+5).
   Will:      It greatly increases your willpower.
 G - a +4 ring of slaying
 O - the ring "Vaevug Pofasm" {rPois rF+ rN+}
   (You took it off a yaktaur captain on level 5 of the Vaults)

   [ring of protection from fire]

   rF:        It protects you from fire.
   rPois:     It protects you from poison.
   rN:        It protects you from negative energy.
 S - the ring of the Oracle (right hand) {rN+ Int+4 Dex+6}
   (You found it on level 3 of the Elven Halls)

   [ring of dexterity]

   Int:       It affects your intelligence (+4).
   Dex:       It affects your dexterity (+6).
   rN:        It protects you from negative energy.
 U - the ring of Ovudanus {rF+ Will+ Dex+4 Stlth+}
   (You found it on level 3 of the Elven Halls)

   [ring of protection from fire]

   Dex:       It affects your dexterity (+4).
   rF:        It protects you from fire.
   Will:      It increases your willpower.
   Stlth:     It makes you more stealthy.
Wands
 c - a wand of mindburst (17)
 l - a wand of paralysis (28)
 L - a wand of charming (4)
 R - a wand of acid (14)
 V - a wand of digging (46)
 W - a wand of flame (30)
 Z - a wand of iceblast (19)
Scrolls
 e - 15 scrolls of immolation
 h - 7 scrolls of magic mapping
 i - 3 scrolls of summoning
 j - 19 scrolls of teleportation
 m - 10 scrolls of amnesia
 r - 9 scrolls of blinking
 w - 3 scrolls of enchant armour
 D - 14 scrolls of fog
 I - 6 scrolls of fear
 J - 6 scrolls of silence
Potions
 d - 5 potions of mutation
 g - 7 potions of invisibility
 s - 6 potions of haste
 t - 16 potions of curing
 u - 7 potions of magic
 v - 4 potions of cancellation
 x - 6 potions of might
 B - 9 potions of heal wounds
 C - 2 potions of berserk rage
 F - 2 potions of ambrosia
 M - 6 potions of resistance
 P - 7 potions of flight
Miscellaneous
 y - a tin of tremorstones (2/2)
 z - a condenser vane
 N - a phial of floods
 Q - a phantom mirror
 T - a box of beasts


   Skills:
 + Level 21.6 Fighting
 - Level 11.0(14.2) Short Blades
 - Level 14.5(16.0) Long Blades
 + Level 20.0 Armour
 + Level 15.3 Dodging
 + Level 16.8 Stealth
 + Level 20.0 Shields
 + Level 11.1 Spellcasting
 - Level 15.0 Evocations


You had 35 spell levels left.
You knew the following spells:

 Your Spells              Type           Power      Damage    Failure   Level
a - Summon Mana Viper     Hex/Summ       10%        N/A       100%        5
b - Monstrous Menagerie   Summ           5%         N/A       100%        7

Your spell library contained the following spells:

 Spells                   Type           Power      Damage    Failure   Level
 Apportation              Tloc           20%        N/A       86%         1
 Beastly Appendage        Tmut           20%        N/A       86%         1
 Magic Dart               Conj           40%        1d5       86%         1
 Pain                     Necr           40%        1d6       86%         1
 Slow                     Hex            40%        N/A       86%         1
 Sting                    Tmut/Pois      40%        1d5       86%         1
 Call Imp                 Summ           10%        N/A       94%         2
 Corpse Rot               Necr/Air       20%        N/A       94%         2
 Ensorcelled Hibernation  Hex/Ice        20%        N/A       94%         2
 Passwall                 Tmut/Erth      8%         N/A       94%         2
 Poisonous Vapours        Pois/Air       20%        N/A       94%         2
 Scorch                   Fire           20%        2d6       94%         2
 Sublimation of Blood     Necr           10%        N/A       94%         2
 Wereblood                Tmut           10%        N/A       94%         2
 Call Canine Familiar     Summ           10%        N/A       99%         3
 Dazzling Flash           Conj/Hex       20%        N/A       99%         3
 Gell's Gravitas          Tloc           10%        N/A       99%         3
 Inner Flame              Hex/Fire       10%        N/A       99%         3
 Lesser Beckoning         Tloc           10%        N/A       99%         3
 Mephitic Cloud           Conj/Pois/Air  10%        N/A       99%         3
 Ozocubu's Armour         Ice            10%        N/A       99%         3
 Portal Projectile        Hex/Tloc       20%        N/A       99%         3
 Spider Form              Tmut/Pois      10%        N/A       99%         3
 Swiftness                Air            10%        N/A       99%         3
 Teleport Other           Tloc           10%        N/A       99%         3
 Tukima's Dance           Hex            10%        N/A       99%         3
 Anguish                  Hex/Necr       5%         N/A       100%        4
 Animate Dead             Necr           5%         N/A       100%        4
 Cause Fear               Hex            5%         N/A       100%        4
 Dispel Undead            Necr           10%        3d9       100%        4
 Flame Wave               Conj/Fire      10%        2d5       100%        4
 Fulminant Prism          Conj/Hex       5%         3d7       100%        4
 Hailstorm                Conj/Ice       10%        3d5       100%        4
 Ice Form                 Ice/Tmut       10%        N/A       100%        4
 Iskenderun's Mystic Bla  Conj/Tloc      10%        2d4       100%        4
 Leda's Liquefaction      Hex/Erth       5%         N/A       100%        4
 Olgreb's Toxic Radiance  Pois           10%        N/A       100%        4
 Passage of Golubria      Tloc           10%        N/A       100%        4
 Petrify                  Tmut/Erth      10%        N/A       100%        4
 Summon Ice Beast         Ice/Summ       10%        N/A       100%        4
 Summon Lightning Spire   Summ/Air       10%        N/A       100%        4
 Agony                    Necr           10%        N/A       100%        5
 Alistair's Intoxication  Tmut/Pois      6%         N/A       100%        5
 Blade Hands              Tmut           5%         N/A       100%        5
 Borgnjor's Vile Clutch   Necr/Erth      5%         N/A       100%        5
 Excruciating Wounds      Necr           5%         N/A       100%        5
 Fireball                 Conj/Fire      5%         3d5       100%        5
 Freezing Cloud           Conj/Ice/Air   5%         6-21      100%        5
 Irradiate                Conj/Tmut      5%         3d15      100%        5
 Iskenderun's Battlesphe  Conj           10%        2d6       100%        5
 Lee's Rapid Deconstruct  Erth           5%         3d7*      100%        5
 Metabolic Englaciation   Hex/Ice        5%         N/A       100%        5
 Silence                  Hex/Air        5%         N/A       100%        5
 Summon Forest            Summ/Tloc      5%         N/A       100%        5
 Yara's Violent Unravell  Hex/Tmut       5%         3d4       100%        5
 Conjure Ball Lightning   Conj/Air       5%         3x3d6     100%        6
 Death Channel            Necr           5%         N/A       100%        6
 Dispersal                Tloc           5%         N/A       100%        6
 Eringya's Noxious Bog    Tmut/Pois      5%         N/A       100%        6
 Simulacrum               Ice/Necr       5%         N/A       100%        6
 Starburst                Conj/Fire      5%         6d4       100%        6
 Summon Cactus Giant      Summ           5%         N/A       100%        6
 Dragon Form              Tmut           5%         N/A       100%        7
 Haunt                    Necr/Summ      5%         N/A       100%        7
 Malign Gateway           Summ/Tloc      5%         N/A       100%        7
 Orb of Destruction       Conj           5%         9d5       100%        7
 Ozocubu's Refrigeration  Ice            5%         4d6       100%        7
 Summon Hydra             Summ           5%         N/A       100%        7
 Borgnjor's Revivificati  Necr           5%         N/A       100%        8
 Discord                  Hex            5%         N/A       100%        8
 Ignition                 Fire           5%         3d4       100%        8
 Infestation              Necr           5%         N/A       100%        8
 Summon Horrible Things   Summ           5%         N/A       100%        8
 Dragon's Call            Summ           5%         N/A       100%        9
 Polar Vortex             Ice            5%         N/A       100%        9


Dungeon Overview and Level Annotations

Branches:
Dungeon (15/15)            Temple (1/1) D:4            Lair (6/6) D:9
  Swamp (4/4) Lair:2        Snake (4/4) Lair:4        Slime (5/5) Lair:5
    Orc (2/2) D:12            Elf (3/3) Orc:2        Vaults (5/5) D:14
  Crypt (3/3) Vaults:2       Tomb (0/3) Crypt:3      Depths (4/4) D:15
    Zot (0/5) Depths:4     Bailey (visited)           IceCv (visited)
Gauntlet (visited)

Altars:
Ashenzari
Cheibriados
Dithmenos
Elyvilon
Fedhas
Gozag
Hepliaklqana
Kikubaaqudgha
Makhleb
Nemelex Xobeh
Okawaru
Qazlal
Ru
Sif Muna
Trog
Uskayaw
Vehumet
Wu Jian
Xom
Yredelemnul
Zin
The Shining One
Jiyva
Lugonu

Shops:
D:4 ?   Orc:2 [=![   Elf:1 *   Elf:2 *   Elf:3 [(!:(   Snake:1 !   Vaults:3 (
Vaults:4 *   Depths:1 :*

Portals:
Hell: Depths:1 Depths:2 Depths:3 Depths:4
Abyss: Depths:2 Depths:3 Depths:4
Pandemonium: Depths:1 Depths:2 Depths:3 Depths:4
Ziggurat: Depths:4


Innate Abilities, Weirdness & Mutations

You are surrounded by a strong repulsion field. (EV +4, RMsl)
Your demonic aura causes all spilled blood to erupt in flames.
You are very robust. (+20% HP)
When hurt, damage is shared between your health and your magic reserves.
You regenerate magic rapidly.
When low on magic, you restore magic in place of health.
You have a sharp stinger which inflicts weakening toxins.
Your flesh is cold resistant. (rC+)
You are strong-willed. (Will+)
Your system is resistant to poisons. (rPois)
Potions are less effective at restoring your health.
You sometimes lose the ability to read scrolls when taking damage.


Message History

The sphere of damnation explodes!
The damnation engulfs you!!!
* * * LOW HITPOINT WARNING * * *
The damnation engulfs the Brimstone Fiend.
The Brimstone Fiend completely resists.
The damnation engulfs the chaos spawn!!
The chaos spawn dies!
The chaos spawn degenerates into a cloud of primal chaos!
The damnation engulfs the Brimstone Fiend.
The Brimstone Fiend completely resists.
You hit the Brimstone Fiend but do no damage.
Your tail-slap misses the Brimstone Fiend.
The Brimstone Fiend is heavily wounded.
The Brimstone Fiend completely misses you.
The Brimstone Fiend hits you.
* * * LOW HITPOINT WARNING * * *
You block the Brimstone Fiend's attack. You block Omoulegh's attack.
The Brimstone Fiend hits you but does no damage.
The Brimstone Fiend barely misses you. You block the Brimstone Fiend's attack.
Your system partially rejects the healing.
You feel much better.
Omoulegh bursts into living lightning!
The living lightning hits you!
* * * LOW HITPOINT WARNING * * *
Omoulegh blinks!
You hear a shout!
You cannot read scrolls in your current state!
You closely miss the ufetubus.
The ufetubus shouts!
You block the ufetubus's attack. x2
Omoulegh bursts into living lightning!
The living lightning is repelled.
The living lightning hits the ufetubus!!
The ufetubus dies!
The ufetubus disappears in a puff of smoke!
The living lightning hits the ufetubus!!
The ufetubus dies!
The ufetubus disappears in a puff of smoke!
Omoulegh blinks!
The Brimstone Fiend gestures at you.
The sphere of damnation explodes!
The damnation engulfs you!!
You die...

...........().........##.......#
#############.........##.......#
#.[.......##.....).#
######..####.......# ####.##
#...)...# #§§...# #.......#
#§###.# #.......# #°#
#.###.......# #@# #..##.......#
##§####.###.###### #131# #.# #.#
#5°5# #.# #.# #5..# #.# #.#
#...# #.# #.# #..§# #.# #.#
#...# #.# #.# #...# ##'#######


You could see 2 Brimstone Fiends and a ynoxinul (wandering).

Vanquished Creatures
  the Royal Jelly (Slime:5)
  A dread lich (Crypt:3)
  A pandemonium lord (Pan)
  2 ancient liches (Vaults:5)
  Mennas (Crypt:2)
  A juggernaut (Depths:2)
  Boris (twice) (Crypt:3 Depths:1)
  Frederick (Crypt:1)
  3 caustic shrikes (Depths:4)
  the Lernaean hydra (Swamp:4)
  4 golden dragons
  the Enchantress (Depths:4)
  2 Brimstone Fiends (Pan)
  A shard shrike skeleton (Crypt:2)
  Jorgrun (Orc:2)
  9 tentacled monstrosities
  6 liches
  2 Ice Fiends (Pan)
  2 deep elf blademasters
  3 quicksilver dragons
  A deep elf master archer (Elf:3)
  4 titans
  3 ancient champions
  3 Executioners (Pan)
  16 acid blobs
  2 sphinxes
  Frances (Snake:2)
  Gastronok (D:8)
  7 shadow dragons
  Donald (Snake:2)
  12 azure jellies
  5 demonspawn warmongers (Pan)
  7 tengu reavers
  5 nagarajas
  4 storm dragons
  9 rockslimes
  4 draconian monks (Depths:4)
  3 daevas (Depths:3)
  6 frost giants
  The ghost of mfcas the Ruinous, an adept DECj of Vehumet (Swamp:4)
  A revenant (Crypt:1)
  9 fire giants
  11 deep elf sorcerers
  2 iron dragons (Vaults:5)
  A juggernaut zombie (Crypt:1)
  Aizul (Snake:2)
  2 balrugs
  21 vault wardens
  4 curse skulls
  2 cacodemons (Pan)
  2 demonspawn corrupters (Pan)
  5 angels
  10 ghouls
  A draconian shifter (Depths:4)
  3 draconian annihilators (Depths:4)
  11 ironbound preservers
  31 very ugly things
  A deep elf elementalist (Elf:3)
  6 war gargoyles
  4 spriggan defenders
  6 reapers
  10 quicksilver oozes
  18 stone giants
  9 ironbound thunderhulks
  3 deep elf demonologists
  7 vampire knights
  4 green draconians (Depths:4)
  6 black draconians (Depths:4)
  7 demonspawn black suns (Pan)
  2 entropy weavers
  3 lorocyprocas (Pan)
  9 red draconians (Depths:4)
  4 bunyips
  5 eleionomae
  Azrael (D:12)
  Nessos (Lair:5)
  5 spark wasps
  6 purple draconians (Depths:4)
  4 deep elf annihilators
  5 dire elephants
  2 minotaurs
  An eidolon (Crypt:3)
  7 white draconians (Depths:4)
  The ghost of Boig the Cleaver, a journeyman GrFi of the Shining One (D:14)
  The ghost of Stonecrops the Fighter, a journeyman DsGl of Gozag (Orc:1)
  11 jiangshi
  13 fire dragons
  3 green deaths
  14 blizzard demons (Pan)
  13 ettins
  13 deep elf death magi
  6 deep elf high priests
  2 spriggan zombies (Crypt:3)
  13 great orbs of eyes
  12 naga warriors
  9 ice dragons
  5 rakshasas
  15 yaktaur captains
  5 spriggan air magi
  2 ogre magi
  31 vault guards
  3 boulder beetles
  4 ghost crabs
  A hell beast (Pan)
  3 catoblepae
  7 salamander tyrants
  A spriggan skeleton (Crypt:2)
  2 juggernaut simulacra (Pan)
  14 centaur warriors
  13 anacondas
  24 hydras
  2 peacekeepers
  2 death knights
  11 ironbound frosthearts
  13 alligators
  13 deep troll shamans
  10 two-headed ogres
  12 vampire magi
  5 death yaks
  29 dancing weapons
  10 soul eaters
  7 tengu warriors
  Urug (D:13)
  2 deep troll earth magi (Depths:2)
  10 naga sharpshooters
  7 shock serpents
  3 orc high priests (Orc:2)
  6 spriggan berserkers
  17 sun demons
  7 hell knights
  Nergalle (Lair:1)
  2 fire crabs
  8 iron trolls
  19 deep elf knights
  A fire crab (shapeshifter) (Elf:1)
  4 salamander mystics
  5 sixfirhies (Pan)
  A death drake (Depths:4)
  3 glowing orange brains
  2 goliath frogs
  A sea snake (shapeshifter) (Vaults:5)
  A shadow wraith (Depths:2)
  44 deep trolls
  8 skeletal warriors
  2 glowing orange brains (shapeshifter)
  A steelbarb worm (shapeshifter) (Vaults:5)
  7 swamp dragons (Swamp:4)
  6 cherubim (Depths:3)
  An orange crystal statue (D:10)
  A shadow demon (Depths:4)
  11 deep elf archers
  12 flayed ghosts
  6 naga ritualists
  A bunyip skeleton (Crypt:1)
  Pikel (D:6)
  12 lindwurms
  6 orc knights
  4 bog bodies
  33 ironbound convokers
  2 swamp dragons (shapeshifter)
  10 wizards
  27 phantasmal warriors
  A golden dragon skeleton (Crypt:2)
  20 necromancers
  A wolf spider (Depths:2)
  A wolf spider zombie (Crypt:1)
  30 deep elf zephyrmancers
  6 mana vipers
  A stone giant zombie (Depths:2)
  2 tengu zombies (Vaults:4)
  6 orc sorcerers
  9 shining eyes
  A frost giant zombie (Depths:2)
  A tengu skeleton (Depths:2)
  24 deep elf pyromancers
  7 manticores
  A human zombie (Crypt:2)
  5 will-o-the-wisps
  A shadow dragon skeleton (Vaults:4)
  21 salamanders
  A moth of wrath (Orc:1)
  39 ugly things
  An eleionoma skeleton (Crypt:1)
  A dire elephant zombie (Crypt:3)
  A salamander (shapeshifter) (Depths:3)
  A fire giant skeleton (Vaults:4)
  An orc zombie (Crypt:3)
  2 rust devils (Depths:4)
  14 naga magi
  18 vault sentinels
  17 smoke demons
  8 ice statues
  51 black mambas
  5 eyes of devastation
  18 cane toads
  A frost giant skeleton (Crypt:2)
  Joseph (D:9)
  8 guardian serpents
  A stone giant skeleton (Vaults:4)
  5 gargoyles
  2 dire elephant skeletons
  4 orange demons
  2 demonic crawlers
  2 hellions (Pan)
  A torpor snail (Lair:6)
  3 unseen horrors
  2 rime drakes (shapeshifter)
  3 efreet
  An alligator snapping turtle skeleton (Crypt:3)
  5 kobold demonologists (D:9)
  An entropy weaver simulacrum (IceCv)
  9 freezing wraiths
  A redback zombie (Crypt:2)
  33 yaktaurs
  8 rime drakes
  8 komodo dragons
  Psyche (D:8)
  11 ice devils
  3 tengu conjurers
  A harpy zombie (Crypt:2)
  10 trolls
  5 hellwings
  A death yak skeleton (Crypt:1)
  A green draconian skeleton (Crypt:1)
  10 hornets
  11 polar bears
  12 red devils
  A hornet (shapeshifter) (D:15)
  115 slime creatures
  20 blink frogs
  8 tyrant leeches
  Grinder (D:4)
  10 large abominations
  A culicivora zombie (Crypt:1)
  A harpy skeleton (Crypt:2)
  19 dream sheep
  7 elf zombies
  4 flying skulls (Crypt:2)
  2 ettin zombies
  14 wraiths
  A centaur simulacrum (Crypt:1)
  4 water elementals
  6 shadows
  17 humans (D:14)
  3 vampires (Crypt:3)
  6 wyverns
  A small abomination (Depths:2)
  13 spriggans
  A black mamba skeleton (Crypt:3)
  7 ynoxinuls (Pan)
  3 basilisks
  7 chaos spawn
  4 fire bats (Gauntlet)
  8 fire elementals
  11 golden eyes
  44 yaks
  3 steam dragons
  5 redbacks
  2 neqoxecs (Depths:4)
  7 vampire mosquitoes
  3 death yak simulacra
  3 acid dragons
  47 nagas
  A swamp worm (shapeshifter) (Vaults:1)
  9 wargs
  11 swamp worms
  A human skeleton (Vaults:4)
  12 water moccasins
  A floating eye (Depths:4)
  3 naga skeletons
  20 hell hounds
  A swamp drake (shapeshifter) (Vaults:5)
  A two-headed ogre skeleton (Crypt:1)
  12 black bears
  26 orc warriors
  6 swamp drakes (Swamp:4)
  2 ice beasts
  A sky beast (D:7)
  7 ogres
  A swamp dragon zombie (Crypt:2)
  A wolf (shapeshifter) (Elf:2)
  A boggart (Vaults:2)
  5 necrophages
  19 wolves
  2 lemures (D:6)
  A torpor snail zombie (Crypt:2)
  16 centaurs
  An octopode zombie (Crypt:2)
  A kobold brigand (D:9)
  4 phantoms
  A yaktaur zombie (Crypt:1)
  17 bullfrogs
  2 scorpions
  A gnoll sergeant (D:8)
  A two-headed ogre simulacrum (Lair:4)
  An elf skeleton (Crypt:2)
  A naga simulacrum (Crypt:2)
  2 earth elementals (Elf:3)
  A glowing shapeshifter simulacrum (Vaults:4)
  A wyvern skeleton (Crypt:2)
  5 killer bees (D:11)
  3 howler monkeys (D:7)
  5 electric eels
  7 centaur zombies
  4 hounds
  A jelly (D:6)
  3 centaur skeletons
  12 orc priests
  Crazy Yiuf (D:6)
  A hell rat (Depths:2)
  26 orc wizards
  6 polar bear simulacra
  Terence (D:2)
  A spriggan simulacrum (Lair:4)
  2 wolf simulacra
  3 yak simulacra (D:12)
  2 naga zombies
  Robin (D:3)
  A howler monkey zombie (D:5)
  2 howler monkey skeletons
  5 gnolls
  4 adders
  A white imp (D:6)
  An ufetubus (D:3)
  An adder skeleton (D:5)
  A lava snake skeleton (Crypt:2)
  A worm (D:3)
  3 dart slugs
  80 orcs
  5 endoplasms
  A giant cockroach (Depths:2)
  15 goblins
  5 hobgoblins
  2 jackals (D:2)
  5 kobolds
  2 quokkas
  9 ball pythons
  4 bats
  2 frilled lizards
  An orc skeleton (Crypt:2)
  A quokka skeleton (Crypt:1)
  7 rats
  3 river rat simulacra (D:12)
  A toadstool (D:1)
2377 creatures vanquished.

Vanquished Creatures (collateral kills)
  A cyclops (Orc:1)
  A spriggan (Bailey)
  3 ogres (Bailey)
  An orc priest (Orc:1)
6 creatures vanquished.

Vanquished Creatures (others)
  Margery (Crypt:2)
  Bai Suzhen (Crypt:2)
  A demonspawn blood saint (Pan)
  A deep elf knight (Elf:3)
  A wizard (Vaults:2)
  2 ugly things
  A bloated husk (Swamp:2)
  A flying skull (Crypt:2)
  A spriggan (Swamp:2)
  A centaur simulacrum (D:14)
  2 chaos spawn (Pan)
  2 swamp worms
  An orc priest (Orc:2)
  22 demonic plants (Gauntlet)
  35 foxfires
  32 fungi
  84 plants
  4 toadstools (D:1)
  21 withered plants (Crypt:3)
214 creatures vanquished.

Grand Total: 2597 creatures vanquished

Notes
Turn   | Place    | Note
-------+----------+-------------------------------------------
     0 | D:1      | hatiphnatus the Demonspawn Fighter began the quest for the
                  | Orb.
     0 | D:1      | Reached XP level 1. HP: 18/18 MP: 1/1
   351 | D:1      | Gained mutation: You are surrounded by a mild repulsion
                  | field. (EV +2) [demonic ancestry]
   351 | D:1      | Reached XP level 2. HP: 24/24 MP: 2/2
  1077 | D:2      | Found a faded altar of an unknown god.
  1268 | D:2      | Gained mutation: You are surrounded by a moderate repulsion
                  | field. (EV +3) [demonic ancestry]
  1268 | D:2      | Reached XP level 3. HP: 29/29 MP: 3/3
  1294 | D:2      | Noticed Terence
  1304 | D:2      | Killed Terence
  1858 | D:3      | Reached XP level 4. HP: 33/35 MP: 4/4
  1877 | D:3      | Identified the +0 helmet of Otzie {Slay+2}
  1877 | D:3      | Noticed Robin
  2178 | D:3      | HP: 1/35 [Robin (6)]
  2492 | D:3      | Killed Robin
  2540 | D:3      | Identified the +5 whip "Tatot" {chaos, rCorr Str-2 Int+7}
  2679 | D:3      | You fall into a shaft and drop 2 floors!
  2679 | D:5      | Entered Level 5 of the Dungeon
  2685 | D:5      | Noticed a phantom
  3342 | D:4      | Noticed an ogre
  3342 | D:4      | Found Maalocs's Magic Scroll Boutique.
  3347 | D:4      | Gained mutation: Your demonic aura sometimes causes spilled
                  | blood to erupt in flames. [demonic ancestry]
  3347 | D:4      | Reached XP level 5. HP: 38/42 MP: 5/5
  3360 | D:4      | Killed an ogre
  3556 | D:4      | Bought a scroll of enchant weapon for 105 gold pieces
  3556 | D:4      | Bought a scroll of blinking for 105 gold pieces
  3556 | D:4      | Bought a scroll of identify for 28 gold pieces
  3738 | D:4      | Found an ancient bone altar of Kikubaaqudgha.
  3892 | D:4      | Found a staircase to the Ecumenical Temple.
  3906 | Temple   | Entered the Ecumenical Temple
  4154 | D:4      | Noticed Grinder
  4393 | D:4      | Bought a scroll of magic mapping for 49 gold pieces
  4396 | D:5      | Noticed a phantom
  4400 | D:5      | Killed a phantom
  4401 | D:5      | Reached skill level 4 in Fighting
  4401 | D:5      | Reached XP level 6. HP: 47/48 MP: 6/6
  4981 | D:5      | Reached XP level 7. HP: 47/55 MP: 7/7
  5456 | D:5      | Reached skill level 5 in Long Blades
  5628 | D:5      | Found a hide-covered altar of Uskayaw.
  5701 | D:5      | Identified the ring of Diriptom {rF+ Dex+4 SInv}
  5978 | D:5      | Identified the +1 leather armour of the Nightingale {rC+
                  | rN+ Str-4}
  6195 | D:6      | Found a broken altar of Ashenzari.
  6224 | D:6      | Noticed Pikel
  6398 | D:6      | Found an ornate altar of the Wu Jian Council.
  6418 | D:6      | Reached skill level 5 in Fighting
  6697 | D:6      | Gained mutation: You are surrounded by a strong repulsion
                  | field. (EV +4, RMsl) [demonic ancestry]
  6697 | D:6      | Reached XP level 8. HP: 57/62 MP: 8/8
  7004 | D:4      | Paralysed by Grinder for 2 turns
  7009 | D:4      | Killed Grinder
  7010 | D:4      | Reached skill level 5 in Armour
  7285 | D:6      | Reached skill level 5 in Shields
  7530 | D:6      | Killed Pikel
  7531 | D:6      | Reached skill level 6 in Fighting
  7686 | D:6      | Found a runed translucent door.
  7687 | D:6      | Noticed Crazy Yiuf
  7770 | D:6      | Killed Crazy Yiuf
  7771 | D:6      | Reached XP level 9. HP: 64/69 MP: 9/9
  8465 | D:7      | Found a snail-covered altar of Cheibriados.
  9120 | D:8      | Noticed Gastronok
  9734 | D:9      | Noticed a kobold demonologist
  9735 | D:9      | Noticed a kobold demonologist
  9878 | D:9      | Noticed a troll
  9891 | D:9      | Killed a troll
  9921 | D:9      | Found a basalt altar of Yredelemnul.
  9999 | D:9      | Reached skill level 1 in Dodging
 10000 | D:9      | Found a sparkling altar of Nemelex Xobeh.
 10016 | D:9      | Found a flagged portal.
 10090 | Bailey   | Entered a bailey
 10266 | Bailey   | Reached skill level 7 in Fighting
 10266 | Bailey   | Reached XP level 10. HP: 12/79 MP: 10/10
 10733 | Bailey   | Noticed a two-headed ogre
 10748 | Bailey   | Killed a two-headed ogre
 10871 | Bailey   | Identified the +0 great mace of Gobru {vorpal, rC+ rN+}
 11003 | D:9      | Noticed Joseph
 11010 | D:9      | Killed Joseph
 11088 | D:9      | Noticed a soul eater
 11089 | D:9      | Noticed a soul eater
 11099 | D:9      | Noticed a rust devil
 11460 | D:9      | Noticed a soul eater
 11531 | D:9      | Reached skill level 8 in Fighting
 11626 | D:9      | Found the +7 mace of Variability {chain chaos}
 11664 | D:9      | Reached XP level 11. HP: 52/86 MP: 5/11
 12038 | D:9      | Found a shimmering altar of Xom.
 12149 | D:9      | Found a staircase to the Lair.
 12167 | D:9      | Reached skill level 10 in Long Blades
 12500 | D:9      | Found an opulent altar of Gozag.
 12661 | D:10     | Entered Level 10 of the Dungeon
 13435 | D:10     | Noticed an orange crystal statue
 13457 | D:10     | Found a bloodstained altar of Trog.
 13621 | D:10     | Found a shimmering altar of Xom.
 14453 | Lair:1   | Entered Level 1 of the Lair of Beasts
 15405 | Lair:1   | Reached skill level 9 in Fighting
 15637 | Lair:1   | Noticed a seven-headed hydra
 16119 | Lair:1   | Noticed a four-headed hydra
 16137 | Lair:1   | Killed a four-headed hydra
 16278 | Lair:1   | Noticed Nergalle
 16311 | Lair:1   | Killed Nergalle
 16800 | Lair:1   | Killed a seven-headed hydra
 16801 | Lair:1   | Gained mutation: Your demonic aura often causes spilled
                  | blood to erupt in flames. [demonic ancestry]
 16801 | Lair:1   | Reached XP level 12. HP: 68/95 MP: 12/12
 16950 | Lair:1   | Identified the +1 chain mail of Faetz {Dex+4 Stlth+}
 17301 | Lair:2   | Found a staircase to the Swamp.
 18150 | Lair:3   | Noticed a four-headed hydra
 18318 | Lair:3   | Killed a five-headed hydra
 18506 | Lair:3   | Noticed a six-headed hydra
 18519 | Lair:3   | Killed a six-headed hydra
 18565 | Lair:3   | Reached skill level 10 in Fighting
 18611 | Lair:3   | Found the +8 arc blade {discharge, rElec}
 19433 | Lair:4   | You fall into a shaft and drop 1 floor!
 19433 | Lair:5   | Noticed a five-headed hydra
 19439 | Lair:5   | Killed a five-headed hydra
 19603 | Lair:4   | Identified 2 scrolls of acquirement
 19608 | Lair:4   | Acquired a manual of Evocations
 19610 | Lair:4   | Acquired the +0 kite shield of Catatonia {Str+7}
 19756 | Lair:4   | Noticed an eight-headed hydra
 19761 | Lair:4   | Killed an eight-headed hydra
 19792 | Lair:4   | Noticed a death yak
 19810 | Lair:4   | Killed a death yak
 19811 | Lair:4   | Gained mutation: You have a small tail. [demonic ancestry]
 19811 | Lair:4   | Reached XP level 13. HP: 78/104 MP: 13/13
 20535 | Lair:4   | Found a staircase to the Snake Pit.
 21039 | Lair:5   | Reached skill level 1 in Evocations
 21662 | Lair:5   | Reached skill level 10 in Shields
 21663 | Lair:5   | Reached skill level 10 in Armour
 21806 | Lair:5   | Noticed Nessos
 21807 | Lair:5   | Found a viscous altar of Jiyva.
 21822 | Lair:5   | Killed Nessos
 21948 | Lair:5   | Found a staircase to the Slime Pits.
 22400 | Lair:6   | Entered Level 6 of the Lair of Beasts
 22406 | Lair:6   | Reached skill level 11 in Fighting
 22589 | Lair:6   | Reached skill level 5 in Evocations
 22819 | Lair:6   | Reached skill level 1 in Short Blades
 22999 | Lair:6   | Gained mutation: You have a tail ending in a sharp stinger.
                  | [demonic ancestry]
 22999 | Lair:6   | Reached XP level 14. HP: 97/113 MP: 14/14
 24467 | Lair:6   | Paralysed by a hornet for 1 turns
 24482 | Lair:6   | Reached skill level 12 in Fighting
 25113 | D:8      | Noticed Psyche
 25118 | D:8      | Killed Psyche
 25219 | D:8      | Killed Gastronok
 25323 | D:8      | Identified the +3 leather armour "Laesosch" {rCorr Int+2}
 26339 | D:12     | Found a gate leading to a gauntlet.
 26382 | Gauntlet | Entered a Gauntlet
 26382 | Gauntlet | Found a transporter.
 26382 | Gauntlet | Found a transporter.
 26385 | Gauntlet | Found a transporter.
 26385 | Gauntlet | Found a transporter.
 26388 | Gauntlet | Found a transporter.
 26400 | Gauntlet | Found a transporter.
 26402 | Gauntlet | Found a large runed translucent door.
 26403 | Gauntlet | Found a large runed translucent door.
 26404 | Gauntlet | Found a large runed translucent door.
 26404 | Gauntlet | Found a large runed translucent door.
 26404 | Gauntlet | Found a large runed translucent door.
 26405 | Gauntlet | Found a transporter.
 26406 | Gauntlet | Found a large runed translucent door.
 26421 | Gauntlet | Found a transporter.
 26427 | Gauntlet | Found a transporter.
 26494 | Gauntlet | Found a transporter.
 26508 | Gauntlet | Found a transporter.
 26510 | Gauntlet | Found a large runed translucent door.
 26511 | Gauntlet | Found a large runed translucent door.
 26512 | Gauntlet | Found a large runed translucent door.
 26512 | Gauntlet | Found a large runed translucent door.
 26512 | Gauntlet | Found a runed translucent door.
 26512 | Gauntlet | Found a runed translucent door.
 26513 | Gauntlet | Found a large runed translucent door.
 26514 | Gauntlet | Found a large runed translucent door.
 26515 | Gauntlet | Found a large runed translucent door.
 26515 | Gauntlet | Found a large runed translucent door.
 26516 | Gauntlet | Found a runed translucent gate.
 26516 | Gauntlet | Found a runed translucent gate.
 26516 | Gauntlet | Found a runed translucent gate.
 26518 | Gauntlet | Found a transporter.
 26527 | Gauntlet | Found a large runed translucent door.
 26528 | Gauntlet | Found a large runed translucent door.
 26673 | Gauntlet | Identified the amulet "Jisaof" {RegenMP Will+ Int-2 Slay+5
                  | SInv}
 26868 | D:12     | Noticed Azrael
 27498 | D:12     | Killed Azrael
 27499 | D:12     | Reached XP level 15. HP: 47/122 MP: 15/15
 27788 | D:12     | Found a staircase to the Orcish Mines.
 28070 | D:13     | Reached skill level 5 in Short Blades
 28326 | D:13     | Found a frozen archway.
 28341 | IceCv    | Entered an ice cave
 28348 | IceCv    | Reached skill level 10 in Evocations
 28360 | IceCv    | Found a transporter.
 28369 | IceCv    | Found a transporter.
 28576 | IceCv    | Acquired a +0 double sword of electrocution
 29094 | D:13     | Noticed Urug
 29102 | D:13     | Killed Urug
 30088 | D:14     | Found a gate to the Vaults.
 30143 | D:14     | Acquired the +1 crystal plate armour of the Apothecary
                  | {rPois Will+ rCorr}
 30370 | D:14     | Reached skill level 13 in Fighting
 30458 | D:14     | Noticed Boig's ghost (journeyman GrFi)
 30491 | D:14     | Found a runed translucent gate.
 30491 | D:14     | Found a runed translucent gate.
 30491 | D:14     | Found a runed translucent gate.
 30748 | D:14     | Identified the +5 rapier "Widowmaker" {vorpal, rElec Str+3}
 30763 | D:15     | Entered Level 15 of the Dungeon
 30870 | D:15     | Found a staircase to the Depths.
 31647 | Orc:1    | Entered Level 1 of the Orcish Mines
 32177 | Orc:1    | Noticed Stonecrops's ghost (journeyman DsGl)
 32181 | Orc:1    | Found a transporter.
 32186 | Orc:1    | Found a bloodstained altar of Trog.
 32187 | Orc:1    | Found a transporter.
 32275 | Orc:2    | Entered Level 2 of the Orcish Mines
 32326 | Orc:2    | Found a staircase to the Elven Halls.
 32494 | Orc:2    | Noticed Jorgrun
 32504 | Orc:2    | Killed Jorgrun
 32662 | Orc:2    | Found Xoroch's Armour Shoppe.
 32754 | Orc:2    | Reached XP level 16. HP: 71/131 MP: 16/16
 32988 | Orc:2    | Found Itastreori's Antique Armour Shoppe.
 32999 | Orc:2    | Found Gyejipt's Distillery.
 33000 | Orc:2    | Found Dibiog's Jewellery Shop.
 33081 | Orc:2    | Bought the amulet "Cinudd" {Reflect rC+ Will++ Regen+ Str-2
                  | SH+5} for 530 gold pieces
 33402 | Orc:1    | Killed Stonecrops's ghost
 33773 | D:14     | Killed Boig's ghost
 34064 | Snake:1  | Entered Level 1 of the Snake Pit
 34272 | D:6      | Became a worshipper of the Wu Jian Council
 34908 | Snake:1  | Reached * piety under Wu Jian
 35502 | Snake:1  | Reached ** piety under Wu Jian
 35610 | Snake:1  | Reached skill level 14 in Fighting
 35902 | Snake:1  | Found Jesmun's Distillery.
 36305 | Snake:2  | Noticed Frances
 36316 | Snake:2  | Killed Frances
 36364 | Snake:2  | Noticed Aizul
 36376 | Snake:2  | Killed Aizul
 36669 | Snake:2  | Reached *** piety under Wu Jian
 36958 | Snake:2  | Gained mutation: You are robust. (+10% HP) [demonic
                  | ancestry]
 36958 | Snake:2  | Reached XP level 17. HP: 123/152 MP: 17/17
 37290 | Snake:2  | Noticed Donald
 37298 | Snake:2  | Killed Donald
 38154 | Snake:3  | Found a radiant altar of Vehumet.
 38805 | Snake:3  | Upgraded the game from 0.29-a0-67-g1d65ae1bb4 to
                  | 0.29-a0-80-g3050e97935
 38809 | Snake:4  | Entered Level 4 of the Snake Pit
 38889 | Snake:4  | Reached skill level 5 in Dodging
 39188 | Snake:4  | Reached **** piety under Wu Jian
 39716 | Snake:4  | Acquired 592 gold pieces
 40279 | Snake:4  | Noticed a quicksilver dragon
 40280 | Snake:4  | Noticed a quicksilver dragon
 40295 | Snake:4  | Killed a quicksilver dragon
 40973 | Snake:4  | Killed a quicksilver dragon
 40973 | Snake:4  | Reached ***** piety under Wu Jian
 41274 | Snake:4  | Got a serpentine rune of Zot
 41587 | Swamp:1  | Entered Level 1 of the Swamp
 41701 | Swamp:1  | Found the +8 Wrath of Trog {antimagic, *Rage Rampage}
 41978 | Swamp:1  | Reached skill level 15 in Fighting
 43201 | Swamp:2  | You fall into a shaft and drop 1 floor!
 43220 | Swamp:3  | Gained mutation: You regenerate magic rapidly. [demonic
                  | ancestry]
 43220 | Swamp:3  | Reached XP level 18. HP: 82/161 MP: 18/18
 44430 | Swamp:4  | Entered Level 4 of the Swamp
 44509 | Swamp:4  | Found a large runed translucent door.
 44597 | Swamp:4  | Found a large runed translucent door.
 44612 | Swamp:4  | Reached skill level 10 in Short Blades
 44703 | Swamp:4  | Noticed mfcas's ghost (adept DECj)
 44981 | Swamp:4  | Noticed a tentacled monstrosity
 44992 | Swamp:4  | Killed a tentacled monstrosity
 45656 | Swamp:4  | Noticed the 27-headed Lernaean hydra
 45696 | Swamp:4  | Killed the 27-headed Lernaean hydra
 46115 | Swamp:4  | Got a decaying rune of Zot
 46198 | Swamp:4  | Killed mfcas's ghost
 46428 | Slime:1  | Entered Level 1 of the Pits of Slime
 46511 | Slime:1  | Reached ****** piety under Wu Jian
 46650 | Slime:1  | You fall into a shaft and drop 1 floor!
 46728 | Slime:2  | Reached skill level 15 in Evocations
 46742 | Slime:2  | Gained mutation: You are dopey. (Int -2) [a shining eye]
 46748 | Slime:2  | Gained mutation: You expend magic power (3 MP) to
                  | strengthen your wands. [a shining eye]
 46749 | Slime:2  | Gained mutation: You are weak. (Str -2) [a shining eye]
 46750 | Slime:2  | Gained mutation: Your body sometimes deteriorates upon
                  | taking damage. [a shining eye]
 46752 | Slime:2  | Gained mutation: You do not regenerate when monsters are
                  | visible. [a shining eye]
 46892 | Slime:1  | Gained mutation: You are very weak. (Str -4) [a shining
                  | eye]
 46894 | Slime:1  | Gained mutation: You occasionally shout uncontrollably at
                  | your foes. [a shining eye]
 47023 | Slime:1  | Gained mutation: You passively dampen the noise of your
                  | surroundings. [a shining eye]
 47027 | Slime:1  | Gained mutation: You frequently scream uncontrollably at
                  | your foes. [a shining eye]
 47492 | Slime:4  | Gained mutation: Your magical capacity is low. (-10% MP) [a
                  | shining eye]
 47698 | Slime:4  | Reached skill level 16 in Fighting
 47848 | Slime:4  | Gained mutation: You have a sharp stinger which inflicts
                  | weakening toxins. [demonic ancestry]
 47848 | Slime:4  | Reached XP level 19. HP: 89/172 MP: 17/17
 48575 | Slime:2  | Reached skill level 15 in Armour
 48649 | Lair:5   | Lost mutation: You do not regenerate when monsters are
                  | visible. [potion of mutation]
 48649 | Lair:5   | Lost mutation: You expend magic power (3 MP) to strengthen
                  | your wands. [potion of mutation]
 48649 | Lair:5   | Lost mutation: You are dopey. (Int -2) [potion of mutation]
 48649 | Lair:5   | Lost mutation: You frequently scream uncontrollably at your
                  | foes. [potion of mutation]
 48650 | Lair:5   | Lost mutation: Your magical capacity is low. (-10% MP)
                  | [potion of mutation]
 48650 | Lair:5   | Lost mutation: You occasionally shout uncontrollably at
                  | your foes. [potion of mutation]
 48650 | Lair:5   | Gained mutation: You have supernaturally acute eyesight.
                  | (SInv) [potion of mutation]
 48650 | Lair:5   | Gained mutation: Your spells are a little harder to cast,
                  | but a little more powerful. [potion of mutation]
 48651 | Lair:5   | Lost mutation: Your body sometimes deteriorates upon taking
                  | damage. [potion of mutation]
 48651 | Lair:5   | Lost mutation: You are very weak. (Str -4) [potion of
                  | mutation]
 48651 | Lair:5   | Gained mutation: You have hidden genetic defects. [potion
                  | of mutation]
 48651 | Lair:5   | Gained mutation: You are strong-willed. (Will+) [potion of
                  | mutation]
 48652 | Lair:5   | Lost mutation: You are strong-willed. (Will+) [potion of
                  | mutation]
 48652 | Lair:5   | Lost mutation: You passively dampen the noise of your
                  | surroundings. [potion of mutation]
 48652 | Lair:5   | Lost mutation: You have hidden genetic defects. [potion of
                  | mutation]
 48652 | Lair:5   | Gained mutation: You are partially covered in large bone
                  | plates. (SH +4) [potion of mutation]
 48652 | Lair:5   | Gained mutation: You sometimes lose the ability to read
                  | scrolls when taking damage. [potion of mutation]
 48652 | Lair:5   | Gained mutation: You have large cloven feet. [potion of
                  | mutation]
 48653 | Lair:5   | Lost mutation: You are weak. (Str -2) [potion of mutation]
 48653 | Lair:5   | Lost mutation: You have large cloven feet. [potion of
                  | mutation]
 48653 | Lair:5   | Lost mutation: Your spells are a little harder to cast, but
                  | a little more powerful. [potion of mutation]
 48653 | Lair:5   | Gained mutation: You possess an exceptional clarity of
                  | mind. [potion of mutation]
 48653 | Lair:5   | Gained mutation: Armour fits poorly on your strangely
                  | shaped body. [potion of mutation]
 48653 | Lair:5   | Gained mutation: You are strong-willed. (Will+) [potion of
                  | mutation]
 48654 | Lair:5   | Lost mutation: You sometimes lose the ability to read
                  | scrolls when taking damage. [potion of mutation]
 48654 | Lair:5   | Lost mutation: Armour fits poorly on your strangely shaped
                  | body. [potion of mutation]
 48654 | Lair:5   | Lost mutation: You are partially covered in large bone
                  | plates. (SH +4) [potion of mutation]
 48654 | Lair:5   | Gained mutation: Your flesh is cold resistant. (rC+)
                  | [potion of mutation]
 48654 | Lair:5   | Lost mutation: You have supernaturally acute eyesight.
                  | (SInv) [potion of mutation]
 48654 | Lair:5   | Gained mutation: Your system is resistant to poisons.
                  | (rPois) [potion of mutation]
 48886 | Vaults:1 | Entered Level 1 of the Vaults
 48923 | Vaults:1 | Reached skill level 15 in Shields
 50347 | Vaults:2 | Found a staircase to the Crypt.
 50557 | Vaults:2 | Reached skill level 1 in Stealth
 51680 | Vaults:3 | Found Viunor's Weapon Boutique.
 51713 | Vaults:3 | Paralysed by a Zot trap for 4 turns
 51858 | Vaults:3 | Gained mutation: You are very robust. (+20% HP) [demonic
                  | ancestry]
 51858 | Vaults:3 | Reached XP level 20. HP: 109/200 MP: 20/20
 51986 | Vaults:3 | Reached skill level 17 in Fighting
 52926 | Vaults:4 | Reached skill level 5 in Stealth
 53574 | Vaults:4 | Found Nusiyf's Assorted Antiques.
 53592 | Vaults:4 | Bought a potion of haste for 330 gold pieces
 54265 | Vaults:5 | Entered Level 5 of the Vaults
 54305 | Vaults:5 | Reached XP level 21. HP: 84/211 MP: 21/21
 54470 | Vaults:5 | Noticed an ancient lich
 54512 | Vaults:5 | Killed an ancient lich
 54706 | Vaults:5 | Reached skill level 18 in Fighting
 54900 | Vaults:5 | Noticed an ancient lich
 54901 | Vaults:5 | Identified the +4 robe of Crawling {Str+2}
 54901 | Vaults:5 | Identified the ring "Vaevug Pofasm" {rPois rF+ rN+}
 54920 | Vaults:5 | Killed an ancient lich
 54921 | Vaults:5 | Reached skill level 10 in Dodging
 55041 | Vaults:5 | Identified the +5 quarterstaff of False Hope {holy, MP+9
                  | Int+2}
 55252 | Vaults:5 | Identified the ring "Fop Gimi" {rPois rF+ Str+2 Int+4
                  | Stlth+}
 55468 | Vaults:5 | Identified the +11 rapier of Tenacity {drain, +Blink rN++}
 55715 | Vaults:5 | Got a silver rune of Zot
 56649 | Elf:1    | Entered Level 1 of the Elven Halls
 56838 | Elf:1    | Gained mutation: When hurt, damage is shared between your
                  | health and your magic reserves. [demonic ancestry]
 56838 | Elf:1    | Reached XP level 22. HP: 215/223 MP: 22/22
 57042 | Elf:1    | Found Qaoqaeh's General Store.
 57051 | Elf:1    | Bought a potion of curing for 42 gold pieces
 57051 | Elf:1    | Bought a potion of curing for 42 gold pieces
 57260 | Elf:1    | Found an ancient bone altar of Kikubaaqudgha.
 57429 | Elf:1    | Reached skill level 1 in Spellcasting
 57439 | Elf:1    | Got the Catalogue of Dark Rites
 57621 | Elf:2    | Found an ancient bone altar of Kikubaaqudgha.
 57727 | Elf:2    | Found Waekuf's Assorted Antiques.
 57891 | Elf:1    | Found a radiant altar of Vehumet.
 58125 | Elf:2    | Found a huge runed translucent gate.
 58125 | Elf:2    | Found a huge runed translucent gate.
 58125 | Elf:2    | Found a huge runed translucent gate.
 58126 | Elf:2    | Found a huge runed translucent gate.
 58128 | Elf:2    | Found a huge runed translucent gate.
 58812 | Elf:3    | Entered Level 3 of the Elven Halls
 58829 | Elf:3    | Found Fofeson's Book Shoppe.
 58829 | Elf:3    | Found Suekere's Antique Armour Emporium.
 58830 | Elf:3    | Found Apeemine's Distillery.
 58832 | Elf:3    | Found Lofieh's Weapon Emporium.
 58853 | Elf:3    | Bought a pair of embroidered boots for 255 gold pieces
 58853 | Elf:3    | Bought a pair of heavily runed gloves for 323 gold pieces
 58853 | Elf:3    | Identified the +2 pair of gloves of the Merchant {Rampage
                  | rPois Stlth-} (You bought it in a shop on level 3 of the
                  | Elven Halls)
 59442 | Elf:3    | Reached skill level 19 in Fighting
 59561 | Elf:3    | Reached skill level 10 in Stealth
 59975 | Elf:3    | Found the +6 lightning scales {swift, rElec}
 59995 | Elf:3    | Identified the +7 dagger of Greed {flame, rElec rPois
                  | Will++ MP-9}
 59996 | Elf:3    | Identified the +7 quarterstaff of the Ghost {spect, Will+
                  | Str+3}
 60044 | Elf:3    | Identified the ring "Vokaup" {Drain rPois rCorr MP+9}
 60115 | Elf:3    | Identified the +6 fustibalus "Team Digeimm" {vorpal, rCorr
                  | Dex+3}
 60118 | Elf:3    | Identified the ring of Ovudanus {rF+ Will+ Dex+4 Stlth+}
 60141 | Elf:3    | Identified the ring of the Oracle {rN+ Int+4 Dex+6}
 60259 | Elf:3    | Found Uzxutwot's Antique Weapon Shop.
 60637 | Elf:3    | Learned a level 5 spell: Summon Mana Viper
 60911 | Crypt:1  | Entered Level 1 of the Crypt
 61961 | Crypt:1  | Noticed Frederick
 61980 | Crypt:1  | Killed Frederick
 62180 | Crypt:1  | Reached XP level 23. HP: 232/232 MP: 30/30
 62623 | Crypt:2  | Reached skill level 5 in Spellcasting
 62787 | Crypt:2  | Noticed Margery
 62808 | Crypt:2  | Killed Margery
 62943 | Crypt:2  | Noticed Mennas
 62944 | Crypt:2  | Noticed Bai Suzhen
 63056 | Crypt:2  | Killed Mennas
 63086 | Crypt:2  | Killed Bai Suzhen
 64388 | Crypt:3  | Entered Level 3 of the Crypt
 65395 | Crypt:3  | Found an ancient bone altar of Kikubaaqudgha.
 65414 | Crypt:3  | Noticed Boris
 65433 | Crypt:3  | Killed Boris
 65525 | Crypt:3  | Noticed a dread lich
 65547 | Crypt:3  | Killed a dread lich
 65738 | Crypt:3  | Identified the +1 leather armour of Tyet {Will+ Regen+
                  | Str+2}
 66064 | Crypt:3  | Found a staircase to the Tomb.
 66767 | Slime:5  | Entered Level 5 of the Pits of Slime
 66903 | Slime:5  | Noticed the Royal Jelly
 66936 | Slime:5  | Killed the Royal Jelly
 67649 | Slime:5  | Lost mutation: You possess an exceptional clarity of mind.
                  | [a shining eye]
 67823 | Slime:5  | Found the +6 arbalest "Damnation" {damnation}
 67824 | Slime:5  | Found the +8 storm bow {elec, penet}
 67919 | Slime:5  | Identified the ring "Anla" {MP+9 Stlth+}
 67934 | Slime:5  | Got the Volume of Bewitching Creation
 67938 | Slime:5  | Got a slimy rune of Zot
 67990 | Slime:5  | Gained mutation: Potions are less effective at restoring
                  | your health. [a shining eye]
 68944 | Depths:1 | Entered Level 1 of the Depths
 69088 | Depths:1 | Reached skill level 20 in Fighting
 69200 | Depths:1 | Reached XP level 24. HP: 244/244 MP: 33/33
 69441 | Depths:1 | Found a gateway to Hell.
 69442 | Depths:1 | Noticed Boris
 69464 | Depths:1 | Killed Boris
 69590 | Depths:1 | Identified the +4 hunting sling of Kynojiho {flame, Dex+4
                  | Stlth+}
 69609 | Depths:1 | Found Essidova's Overcharged Wands.
 69617 | Depths:1 | Found Fausch's Book Boutique.
 69960 | Depths:1 | Found a one-way gate leading to the halls of Pandemonium.
 70110 | Depths:2 | Found a runed translucent gate.
 70110 | Depths:2 | Found a runed translucent gate.
 70110 | Depths:2 | Found a runed translucent gate.
 70570 | Depths:2 | Noticed a juggernaut
 70593 | Depths:2 | Killed a juggernaut
 70894 | Depths:2 | Found a one-way gate to the infinite horrors of the Abyss.
 71151 | Depths:2 | Got the Catalogue of the Enthralling Birds
 72258 | Depths:3 | Identified the +7 shortbow "Voevum" {venom, +Blink rC+
                  | Str-5 Dex+6}
 72643 | Depths:3 | Gained mutation: Your demonic aura causes all spilled blood
                  | to erupt in flames. [demonic ancestry]
 72643 | Depths:3 | Reached XP level 25. HP: 134/254 MP: 23/36
 73134 | Depths:3 | You are sucked into a shaft and drop 1 floor!
 73134 | Depths:4 | Entered Level 4 of the Depths
 73625 | Depths:3 | Found a corrupted altar of Lugonu.
 73751 | Depths:4 | Noticed the Enchantress
 73782 | Depths:4 | Killed the Enchantress
 73941 | Depths:4 | Found a shimmering altar of Xom.
 74106 | Depths:4 | Found a one-way gateway to a ziggurat.
 74230 | Depths:4 | Reached skill level 21 in Fighting
 74605 | Depths:4 | Reached skill level 15 in Stealth
 74810 | Depths:4 | Reached skill level 10 in Spellcasting
 75186 | Depths:4 | Found a gate to the Realm of Zot.
 75328 | Depths:4 | Got the Disquisition on the Supportive Oath
 75388 | Depths:4 | Learned a level 7 spell: Monstrous Menagerie
 75468 | Pan      | Entered Pandemonium
 75649 | Pan      | Gained mutation: You sometimes lose the ability to read
                  | scrolls when taking damage. [a cacodemon]
 75929 | Pan      | Noticed Dosmanaite the pandemonium lord
 75938 | Pan      | Reached skill level 15 in Dodging
 75952 | Pan      | Killed Dosmanaite the pandemonium lord
 75996 | Pan      | Gained mutation: When low on magic, you restore magic in
                  | place of health. [demonic ancestry]
 75996 | Pan      | Reached XP level 26. HP: 214/266 MP: 22/37
 76070 | Pan      | Got a demonic rune of Zot
 77379 | Pan      | Noticed Omoulegh the pandemonium lord
 77419 | Pan      | HP: 8/267 [Brimstone Fiend/damnation (23)]
 77423 | Pan      | Killed from afar by a Brimstone Fiend

Illustrated notes

Levels and vault maps discovered:
D:1:      amcnicky_arrival_flooded_fountain, layout_loops_cross,
          minmay_gold_behind_fungi
D:2:      layout_loops_ring, basic_ecumenical_altar, uniq_terence
D:3:      layout_loops_corners, uniq_robin
D:4:      layout_basic, tgw_kikubaaqudgha, minmay_temple_entry_waves,
          nicolae_stop_n_shop_2, uniq_grinder
D:5:      layout_basic, nicolae_uskayaw_suspiria
D:6:      layout_basic, ashenzari_altar_1, kennysheep_mini, wad_floor_pattern_2,
          serial_bayou_pond_a, lemuel_another_geyser, uniq_crazy_yiuf_cottage,
          uniq_pikel
D:7:      layout_basic, mainiacjoe_overflow_alcove_4
D:8:      layout_basic, uniq_psyche, uniq_gastronok
D:9:      layout_layer_cave, grunt_temple_overflow_opulence,
          yredelemnul_altar_generic, lair_entry_dummy, enter_bailey_1,
          minmay_guarded_unrand_variability, uniq_joseph
D:10:     layout_basic, lemuel_crystal_altar, nicolae_tso_carved_into_rock,
          mainiacjoe_overflow_boulevard, minmay_statue_bubble
D:11:     layout_grid_maze, serial_glass, glass_columns_b, glass_columns_a,
          minmay_misc_feat_chi
D:12:     layout_cave_pools, hiddenorc2_lemuel, gauntlet_entry_generic,
          minmay_misc_feat_encased, eino_house_with_fridge, uniq_azrael
D:13:     layout_irregular_city, portal_ice_cave_demonic_guard, uniq_urug
D:14:     layout_long_grid, grunt_vaults_entry_tiered, grunt_decor_cap,
          maelrawn_ghost_gauntlet_escape
D:15:     hangedman_depths_entry_civil_slaughter, layout_basic,
          hangedman_decor_points, serial_corexii_hall, chequers_hall_statues_y,
          corexii_hall_statues_t, hangedman_decor_opposing, nrook_pool_corridor
Temple:   minmay_temple_curvy_loop
Lair:1:   cheibrodos_lair_river_kwai, layout_hall_layers, nzn_random_ring,
          uniq_nergalle
Lair:2:   layout_loops_ring, swamp_mist_pool, grunt_megastairs_5
Lair:3:   layout_long_grid, grunt_megastairs_2
Lair:4:   dreamdust_isle_of_ice, layout_regular_city, dummy_snake_entry,
          grunt_megastairs_4
Lair:5:   beast_lair_carwin_large_1, layout_layer_cave, slime_altar_1,
          uniq_nessos
Lair:6:   hangedman_lair_in_review, layout_misc_corridors,
          hangedman_lair_caniforms_friends, serial_bayou_shore_a
Swamp:1:  layout_falls_marsh, nicolae_swamp_decorative_isthmus,
          infiniplex_staircase_pool
Swamp:2:  layout_basic_swamp, serial_swamp_ruin, evilmike_swamp_ruin_house_3,
          evilmike_swamp_ruin_rubble_1
Swamp:3:  layout_basic_swamp, nicolae_swamp_treefoil, swamp_pool1,
          hangedman_swamp_pad, nicolae_swamp_fairy_circle,
          infiniplex_staircase_pool_2
Swamp:4:  swamp_old_school, layout_basic_swamp, ebering_ghost_disaster_area,
          swamp_pool5
Snake:1:  layout_grid_maze, serial_shops, shop, grunt_ministairs_2
Snake:2:  layout_onion, nicolae_snake_storage_room, uniq_aizul, uniq_frances,
          uniq_donald
Snake:3:  layout_onion, basic_altar
Snake:4:  hellmonk_snake_rune_quicksilver_temple, layout_cave_town,
          grunt_ministairs_3
Slime:1:  layout_caves
Slime:2:  layout_caves
Slime:3:  layout_caves
Slime:4:  layout_caves
Slime:5
Orc:1:    layout_caves, gammafunk_ghost_wrathful_warriors
Orc:2:    st_orc_elflike, layout_caves, uniq_jorgrun
Elf:1:    eino_elf_arrival_sip, layout_onion_city, serial_shops,
          nicolae_shop_stone, basic_altar, minmay_elf_necromancy,
          lemuel_upstairs_altar
Elf:2:    elven_hall_of_blades_hangedman_alternative
          [nicolae_blade_entry_hurt_lockers], layout_rooms, basic_altar,
          serial_shops, nicolae_shop_waterfront
Elf:3:    minmay_elf_hall_spiked, layout_loops_corners, serial_shops, shop,
          amcnicky_mini_rare_corridor_liquid, minivault_14, minmay_shoptagon
Vaults:1: vaults_room_pools, st_spiral_rooms, nicolae_vaults_theta,
          vaults_room_grid, grunt_vaults_funnel,
          nicolae_vaults_yaktaur_gun_rack, vaults_dpeg_doors, v_alt_pattern_5,
          ontoclasm_vaults_ligature, v_misc_12, layout_vaults_omnigrid
Vaults:2: minmay_crypt_entry_simple_corners, hangedman_vaults_snaps,
          nicolae_vaults_murderbox, vaults_room_fours,
          nicolae_vaults_stairing_the_circle, vaults_dpeg_encased_lava,
          hangedman_vaults_nails, vaults_room_pools, nicolae_vaults_theta,
          ontoclasm_vaults_eye, vaults_room_large_hall, v_misc_24,
          vaults_mumra_hexcomb, nicolae_vaults_asterisk, v_misc_22,
          nicolae_vaults_little_squares_6, layout_vaults_omnibox
Vaults:3: st_lines, hangedman_vaults_slice, nicolae_vaults_rhombus_5,
          vaults_room_large_hall, nicolae_vaults_triangles,
          vaults_mumra_chevron, v_misc_24, vaults_room_corners,
          vaults_dpeg_diagonal, nicolae_vaults_hallways_thing,
          nicolae_vaults_sealed_display, layout_vaults_ring, serial_shops,
          nicolae_shop_bloodbath_and_beyond
Vaults:4: v_alt_pattern_6, nicolae_vaults_fighting_squares,
          hangedman_vaults_cutoff, ontoclasm_vaults_hangar,
          nicolae_vaults_shelves_hall, nicolae_vaults_border_crossing,
          vaults_room_mumra_shop_pool, v_misc_28, ontoclasm_vaults_chip,
          ontoclasm_vaults_idyll, nicolae_vaults_shelves_hall,
          layout_vaults_big_room
Vaults:5
Crypt:1:  layout_gridlike, grunt_megastairs_1, grunt_crypt_arrival_webbed,
          uniq_frederick
Crypt:2:  layout_catacombs, uniq_bai_suzhen, uniq_mennas, uniq_margery
Crypt:3:  quadcrypt_mu, uniq_boris
Depths:1: layout_gridlike, nicolae_twisting_strands, serial_shops,
          nicolae_shop_window_shopping, grunt_pan_entry_zigzag, hell_entry,
          hangedman_decor_diamond_cutter, corexii_corridor_pit,
          nicolae_shop_overcharged_wands
Depths:2: minmay_nested_s, layout_gridlike, minmay_misc_feat_x,
          lightli_too_deep, abyss_entry, rand_demon_pan_entry_5,
          pandoras_box_mu, serial_bayou_shore_b
Depths:3: evilmike_silver_temple, layout_gridlike, abyss_entry_flame_altar,
          pan_entry, elyvilon_altar_4, pf_coc_iceberg,
          infiniplex_staircase_pool_lava
Depths:4: lemuel_castle_with_subvaults [lemuel_castle_interior_carwin_1],
          layout_honeycomb, enter_ziggurat_e, minmay_misc_feat_rugged,
          grunt_pan_entry_in_and_out, abyss_entry, hell_entry, xom_teletrap_fun,
          uniq_enchantress
Pan:      grunt_pan_frozen_over, layout_cellular_growth,
          nicolae_pan_cerebovesque_2, evilmike_mini_pan_corridor, layout_basic

Skill      XL: |  1  2  3  4  5  6  7  8  9 10 11 12 13 14 15 16 17 18 19 20 21 22 23 24 25 26 |
---------------+-------------------------------------------------------------------------------+-----
Long Blades    | 2 3 4 5 7 8 9 11 12 14 | 14.5
Armour         | 3 4 5 6 7 8 9 10 11 12 13 14 15 16 17 18 19 20 | 20.0
Shields        | 3 4 5 6 7 8 9 10 11 12 13 14 15 16 17 18 19 20 | 20.0
Fighting       | 4 5 6 7 8 9 10 11 12 13 14 15 16 17 18 19 20 21 | 21.6
Dodging        | 1 3 4 6 7 9 10 12 13 14 15 | 15.3
Evocations     | 6 9 12 13 14 15 | 15.0
Short Blades   | 1 4 6 8 9 11 | 11.0
Stealth        | 3 6 9 10 12 13 16 | 16.8
Spellcasting   | 4 7 9 10 11 | 11.1

Action                   |  1- 3 |  4- 6 |  7- 9 | 10-12 | 13-15 | 16-18 | 19-21 | 22-24 | 25-27 || total
-------------------------+-------+-------+-------+-------+-------+-------+-------+-------+-------++-------
Melee: Long sword        |   104 |   141 |   157 |       |       |       |       |       |       ||   402
       Scimitar          |       |       |   139 |   430 |    22 |    29 |   281 |  1542 |       ||  2443
       Rapier            |       |       |       |   113 |  1000 |  1512 |  1344 |  1422 |   872 ||  6263
       Tailslap          |       |       |       |       |   185 |   370 |   429 |   721 |   395 ||  2100
       Demon blade       |       |       |       |       |       |       |       |       |   607 ||   607
Invok: Lunge             |       |       |       |       |       |    89 |    75 |   119 |    55 ||   338
       Whirlwind         |       |       |       |       |       |    54 |    21 |    21 |     3 ||    99
       Serpent's Lash    |       |       |       |       |       |       |       |     2 |       ||     2
       Heavenly Storm    |       |       |       |       |       |       |       |     2 |     1 ||     3
Evoke: Wand              |       |       |     3 |     7 |       |       |     1 |     2 |       ||    13
       Phantom mirror    |       |       |       |       |     2 |       |       |       |       ||     2
       Box of beasts     |       |       |       |       |     1 |       |       |       |       ||     1
       Phial of floods   |       |       |       |       |       |       |     2 |     1 |       ||     3
       Tin of tremorston |       |       |       |       |       |       |       |     1 |       ||     1
       Condenser vane    |       |       |       |       |       |       |       |     1 |     1 ||     2
  Use: Potion            |     1 |       |       |     1 |       |     2 |     8 |     2 |     1 ||    15
       Scroll            |       |       |     7 |    12 |    18 |     3 |     3 |    10 |     8 ||    61
 Stab: Distracted        |       |       |       |       |       |     2 |       |       |       ||     2
       Confused          |       |       |       |       |       |       |       |     2 |       ||     2
Armor: Scale mail        |    14 |       |       |       |       |       |       |       |       ||    14
       Chain mail        |    62 |    64 |       |       |    18 |       |       |       |       ||   144
       Plate armour      |       |     3 |   207 |   290 |   295 |       |       |       |       ||   795
       Crystal plate arm |       |       |       |       |    45 |   466 |   295 |   619 |   414 ||  1839
Dodge: Dodged            |    49 |    72 |   148 |   304 |   372 |   294 |   256 |   519 |   391 ||  2405
       Repelled          |       |       |     1 |     3 |    13 |    35 |    12 |    33 |    22 ||   119
Block: Buckler           |    21 |    26 |    82 |   168 |       |       |       |       |       ||   297
       Kite shield       |       |       |       |    24 |    22 |       |       |       |       ||    46
       Tower shield      |       |       |       |       |  1138 |  1541 |  1574 |  3397 |  1771 ||  9421
       Reflection        |       |       |       |       |       |     3 |   129 |   103 |    18 ||   253

Table legend: (Time is in decaauts)
 A = Elapsed time spent in this place.
 B = Non-inter-level travel time spent in this place.
 C = Inter-level travel time spent in this place.
 D = Time resting spent in this place.
 E = Time spent auto-exploring this place.
 F = Levels seen in this place.
 G = Mean time per level.
                   A        B        C        D        E       F      G
               +--------+--------+--------+--------+--------+-----+--------+
         Total |  75941 |  69981 |   5960 |   1515 |  52337 |  57 | 1332.3 |
       Dungeon |  20784 |  18635 |   2149 |    416 |  14734 |  15 | 1385.6 |
        Temple |    390 |    366 |     24 |      0 |    359 |   1 |  390.0 |
          Lair |  10938 |   9697 |   1241 |     94 |   8006 |   6 | 1823.0 |
         Swamp |   4854 |   4664 |    190 |     61 |   3731 |   4 | 1213.5 |
     Snake Pit |   6976 |   6690 |    286 |      0 |   5569 |   4 | 1744.0 |
    Slime Pits |   3416 |   3044 |    372 |    205 |   1679 |   5 |  683.2 |
  Orcish Mines |   2099 |   1885 |    214 |      0 |   1469 |   2 | 1049.5 |
   Elven Halls |   4214 |   3671 |    543 |      0 |   2710 |   3 | 1404.7 |
        Vaults |   7399 |   7016 |    383 |    258 |   4848 |   5 | 1479.8 |
         Crypt |   5341 |   5043 |    298 |      0 |   3484 |   3 | 1780.3 |
        Depths |   5913 |   5657 |    256 |      0 |   3954 |   4 | 1478.2 |
   Pandemonium |   1782 |   1782 |      0 |      0 |   1017 |   2 |  891.0 |
        Bailey |    845 |    845 |      0 |    197 |    387 |   1 |  845.0 |
      Ice Cave |    588 |    588 |      0 |    284 |    189 |   1 |  588.0 |
      Gauntlet |    396 |    396 |      0 |      0 |    199 |   1 |  396.0 |
               +--------+--------+--------+--------+--------+-----+--------+

Top non-repeatable levels by time:
     D:9: 3029 daAuts
  Lair:6: 2399 daAuts
  Lair:1: 2111 daAuts
Vaults:5: 2031 daAuts
  Lair:4: 1999 daAuts
 Snake:2: 1981 daAuts
 Crypt:3: 1892 daAuts
 Swamp:4: 1883 daAuts
 Snake:4: 1826 daAuts
Depths:4: 1772 daAuts
  Lair:5: 1760 daAuts
 Crypt:1: 1728 daAuts
 Crypt:2: 1720 daAuts
   Elf:3: 1706 daAuts
     D:5: 1693 daAuts
